 Dungeon Crawl Stone Soup version 0.29-a0-352-g0917bc69df (webtiles) character file.

Game seed: 8499318439865179414

88 NinjaNoafa the Skirmisher (level 4, -1/40 HPs)
             Began as a Draconian Monk on Apr 24, 2022.
             Frozen to death by an endoplasm (5 damage)
             ... on level 3 of the Dungeon.
             The game lasted 00:04:43 (2649 turns).

NinjaNoafa the Skirmisher (Draconian Monk)          Turns: 2649, Time: 00:04:43

Health: -1/40      AC:  6    Str: 19    XL:     4   Next: 30%
Magic:  4/4        EV: 17    Int: 10    God:
Gold:   107        SH:  0    Dex: 16    Spells: 3/3 levels left

rFire   . . .      SeeInvis .   c - +5 quarterstaff (chaos)
rCold   . . .      Faith    .   (shield currently unavailable)
rNeg    . . .      Spirit   .   (body armour unavailable)
rPois   .          Reflect  .   (helmet restricted)
rElec   .          Harm     .   g - +0 cloak
rCorr   .          Rampage  .   (no gloves)
Will    .....                   (no boots)
Stlth   ++........              (no amulet)
HPRegen 0.13/turn               e - +4 ring of evasion
MPRegen 0.09/turn               p - +6 ring of strength

@: slowed, very slow
A: AC +5, unfitting armour, cold-blooded
a: no special abilities


You were on level 3 of the Dungeon.
You visited 1 branch of the dungeon, and saw 3 of its levels.

You collected 107 gold pieces.

Inventory:

Hand Weapons
 a - a +0 falchion
 c - a +5 quarterstaff of chaos (weapon)
 o - the +2 mace "Coumak" {pain, +Blink Int-4 Dex+6}
   (You found it on level 3 of the Dungeon)

   In the hands of one skilled in necromantic magic, it inflicts extra damage on
   living creatures.
   Int:       It affects your intelligence (-4).
   Dex:       It affects your dexterity (+6).
   +Blink:    It lets you blink.
Armour
 g - a +0 cloak (worn)
Jewellery
 e - a +4 ring of evasion (left hand)
 i - a +4 ring of evasion
 p - a +6 ring of strength (right hand)
Wands
 h - a wand of polymorph (12)
Scrolls
 f - a scroll of holy word
 j - a scroll of teleportation
 l - a scroll of fear
Potions
 b - a potion of ambrosia
 d - a potion of brilliance
 k - a potion of curing


   Skills:
 + Level 4.0 Fighting
 - Level 3.7 Long Blades
 + Level 0.1 Maces & Flails
 + Level 3.2 Dodging
 + Level 2.5 Stealth
 + Level 0.1 Evocations


You had 3 spell levels left.
You didn't know any spells.
Your spell library contained the following spells:

 Spells                   Type           Power      Damage    Failure   Level
 Corpse Rot               Necr/Air       0%         N/A       50%         2
 Poisonous Vapours        Pois/Air       0%         N/A       50%         2
 Ozocubu's Armour         Ice            0%         N/A       75%         3
 Ozocubu's Refrigeration  Ice            0%         4d5       100%        7


Dungeon Overview and Level Annotations

Branches:
Dungeon (3/15)

Altars:
Qazlal

Shops:
D:1 =

Annotations:
D:3 Pargi


Innate Abilities, Weirdness & Mutations

Your plain brown scales are hard. (AC +5)
You cannot fit into any form of body armour.
You are cold-blooded and may be slowed by cold attacks.


Message History

You hit Pargi.
Your tail-slap misses Pargi.
Pargi is moderately wounded.
Pargi barely misses you. The endoplasm closely misses you.
The endoplasm misses you. Pargi bites you!
* * * LOW HITPOINT WARNING * * *
Aiming: Polymorph
Press: ? - help, Shift-Dir - straight line, f/p - Pargi
Aim: Pargi the warg (moderately wounded, will become a scorpion, a water moccasin, or a raiju, chance to affect: 31%)
Okay, then.
You feel much better. Pargi bites you! The endoplasm misses you.
You can't see any enemies this would affect, really read the scroll of holy word?
Okay, then.
As you read the scroll labelled ATZUCUASAI, it crumbles to dust.
It is a scroll of enchant weapon.
Your +4 quarterstaff of chaos glows red for a moment.
Pargi closely misses you. The endoplasm misses you. Pargi misses you.
Your +5 quarterstaff of chaos is briefly surrounded by a scintillating aura of random colours.
c - a +5 quarterstaff of chaos (weapon)
You miss Pargi.
Your tail-slap misses Pargi.
Pargi is moderately wounded.
Pargi bites you. The endoplasm closely misses you.
Pargi stops to sniff the ground.
Pargi bites you but does no damage.
You sock Pargi! You drain Pargi.
Pargi is almost dead.
The endoplasm freezes you.
You are frozen.
* * * LOW HITPOINT WARNING * * *
You feel yourself slow down. Pargi misses you. The endoplasm barely misses you.
Pargi misses you. The endoplasm attacks as you move away!
The endoplasm misses you. Pargi closely misses you. The endoplasm freezes you.
You are frozen.
* * * LOW HITPOINT WARNING * * *
You feel better. Pargi barely misses you. Pargi bites you!
* * * LOW HITPOINT WARNING * * *
The endoplasm freezes you.
You are frozen.
You die...

##....#.## #....#...
########### ###.#.#####
##.........# ##..........
...........# #......#####
...........#####..#........
...........+..#####.#>.....
.........J.##.#.....#......
.........h@##...#...#......
..................#.#......
...######.........#(.......
.. #.........####.#..# .
#.........# .#..#
#......[..# #.....#####
#.....# #.....#


You could see Pargi the warg (drained) and an endoplasm.

Vanquished Creatures
  Crazy Yiuf (D:2)
  2 adders (D:3)
  A worm (D:2)
  A dart slug (D:1)
  5 endoplasms
  2 giant cockroaches
  2 goblins
  3 hobgoblins
  5 jackals
  5 kobolds
  2 ball pythons
  3 bats
  2 frilled lizards (D:1)
  4 rats
38 creatures vanquished.

Vanquished Creatures (others)
  2 fungi (D:2)
2 creatures vanquished.

Grand Total: 40 creatures vanquished

Notes
Turn   | Place    | Note
-------+----------+-------------------------------------------
     0 | D:1      | NinjaNoafa the Draconian Monk began the quest for the Orb.
     0 | D:1      | Reached XP level 1. HP: 19/19 MP: 1/1
   360 | D:1      | Reached XP level 2. HP: 26/26 MP: 2/2
   481 | D:1      | Found Ofi Riad's Jewellery Shop.
   571 | D:1      | You fall into a shaft and drop 1 floor!
  1267 | D:2      | Found a faded altar of an unknown god.
  1336 | D:2      | Found a runed translucent door.
  1337 | D:2      | Noticed Crazy Yiuf
  1573 | D:2      | Found a stormy altar of Qazlal.
  1885 | D:2      | Reached XP level 3. HP: 33/33 MP: 3/3
  2287 | D:2      | Killed Crazy Yiuf
  2515 | D:3      | Reached XP level 4. HP: 37/40 MP: 4/4
  2595 | D:3      | Identified the +2 mace "Coumak" {pain, +Blink Int-4 Dex+6}
  2604 | D:3      | Reached skill level 4 in Fighting
  2625 | D:3      | Noticed Pargi
  2638 | D:3      | Noticed Pargi
  2638 | D:3      | Pargi changed into Pargi the warg
  2649 | D:3      | Frozen to death by an endoplasm

Illustrated notes

Levels and vault maps discovered:
D:1:      minmay_arrival_four_loops, layout_basic, serial_shops,
          nicolae_shop_waterfront
D:2:      layout_basic, basic_ecumenical_altar, basic_altar, minmay_distorted,
          uniq_crazy_yiuf_cottage
D:3:      layout_basic, uniq_robin, uniq_jessica, uniq_pargi

Skill      XL: |  1  2  3  4 |
---------------+-------------+-----
Stealth        | 2 |  2.5
Dodging        | 3 |  3.2
Fighting       | 4 |  4.0
Long Blades    | |  3.7
Maces & Flails | |  0.1
Evocations     | |  0.1

Action                   |  1- 3 |  4- 6 || total
-------------------------+-------+-------++-------
Melee: Falchion          |    90 |       ||    90
       Tailslap          |    15 |     2 ||    17
       Quarterstaff      |     9 |     6 ||    15
       Mace              |       |    15 ||    15
Throw: Dart              |     8 |       ||     8
Evoke: Wand              |       |     1 ||     1
  Use: Potion            |     5 |     2 ||     7
       Scroll            |     5 |     1 ||     6
 Stab: Sleeping          |     2 |     2 ||     4
Armor: Skin              |    34 |     9 ||    43
Dodge: Dodged            |    71 |    60 ||   131

Table legend: (Time is in decaauts)
 A = Elapsed time spent in this place.
 B = Non-inter-level travel time spent in this place.
 C = Inter-level travel time spent in this place.
 D = Time resting spent in this place.
 E = Time spent auto-exploring this place.
 F = Levels seen in this place.
 G = Mean time per level.
                   A        B        C        D        E       F      G
               +--------+--------+--------+--------+--------+-----+--------+
         Total |   2669 |   2581 |     88 |      8 |   2120 |   3 |  889.7 |
       Dungeon |   2669 |   2581 |     88 |      8 |   2120 |   3 |  889.7 |
               +--------+--------+--------+--------+--------+-----+--------+

Top non-repeatable levels by time:
     D:2: 1432 daAuts
     D:1: 1071 daAuts
     D:3: 165 daAuts
